 Dungeon Crawl Stone Soup version 0.19-a0-1835-g9eb87fe (webtiles) character file.

324 TheGoonsmith the Insei (level 6, -3/41 HPs)
             Began as an Octopode Transmuter on Oct 8, 2016.
             Slain by a sky beast (6 damage)
             ... on level 5 of the Dungeon.
             The game lasted 00:07:07 (3951 turns).

TheGoonsmith the Insei (Octopode Transmuter)        Turns: 3951, Time: 00:07:09

Health: -3/41      AC:  2    Str:  9    XL:     6   Next: 48%
Magic:  7/9        EV: 20    Int: 16    God:
Gold:   93         SH:  0    Dex: 19    Spells: 2 memorised, 4 levels left

rFire  . . .     SeeInvis .       - Unarmed
rCold  . . .     Gourm    .     (shield currently unavailable)
rNeg   . . .     Faith    .     (helmet currently unavailable)
rPois  x         Spirit   .     (no amulet)
rElec  .         Dismiss  .     j - ring of wizardry
rCorr  .         Reflect  .     (no ring)
MR     .....     Harm     .     (no ring)
Stlth  ++........               (no ring)
                                (no ring)
                                (no ring)
                                (no ring)
                                (no ring)

@: spider-form
A: almost no armour, stealthy swim, (amphibious), 8 rings, (constrict 8),
(camouflage 0), (gelatinous body 0)
a: End Transformation


You were on level 5 of the Dungeon.
You were not hungry.
You were a venomous arachnid creature.
You visited 1 branch of the dungeon, and saw 5 of its levels.

You collected 117 gold pieces.
You spent 24 gold pieces at shops.

Inventory:

Missiles
 a - 37 arrows
Jewellery
 j - a ring of wizardry (left front leg)
Scrolls
 d - 4 scrolls of remove curse
 e - 3 scrolls of enchant armour {unknown}
 h - a scroll of fear
 i - a scroll of magic mapping
 r - 3 scrolls of identify
Potions
 k - a potion of curing
 o - a potion of flight
Books
 b - a book of Changes

   Spells                             Type                      Level
   a - Beastly Appendage              Transmutation                1
   b - Sticks to Snakes               Transmutation                2
   c - Spider Form                    Transmutation/Poison         3
   d - Ice Form                       Ice/Transmutation            4
   e - Blade Hands                    Transmutation                5
Comestibles
 c - 2 bread rations
 f - 4 meat rations
 g - a beef jerky
 n - 8 fruits


   Skills:
 + Level 2.8 Fighting
 - Level 2.0 Dodging
 - Level 5.0 Unarmed Combat
 - Level 2.0 Spellcasting
 - Level 4.0 Transmutations
 - Level 2.0 Poison Magic


You had 4 spell levels left.
You knew the following spells:

 Your Spells              Type           Power        Failure   Level  Hunger
b - Sticks to Snakes      Tmut           ##......     9%          2    ###....
c - Spider Form           Tmut/Pois      ##........   16%         3    ###....


Dungeon Overview and Level Annotations

Branches:
Dungeon (5/15)
 Temple: D:4-7

Altars:
Elyvilon
Kikubaaqudgha
Okawaru

Shops:
D:4 !*?

Annotations:
D:4 Ultraviolent4's ghost, amateur FoFi


Innate Abilities, Weirdness & Mutations

You cannot wear most types of armour.
You are very stealthy in the water. (Stealth+)
((You are amphibious.))
You can wear up to eight rings at the same time.
((You can use your tentacles to constrict eight enemies at once.))
((Your skin changes colour to match your surroundings (Stealth+).))
((Your rubbery body absorbs attacks. (AC +1, EV +1)))


Message History

The sky beast is lightly wounded.
The sky beast closely misses you.
You hit the sky beast.
The sky beast looks as sick as possible!
The sky beast is moderately wounded.
The sky beast hits you. The sky beast shocks you.
You hit the sky beast but do no damage.
The sky beast looks as sick as possible!
The sky beast is moderately wounded.
The sky beast hits you.
* * * LOW HITPOINT WARNING * * *
The sky beast shocks you.
* * * LOW HITPOINT WARNING * * *
You bite the sky beast!
The sky beast looks as sick as possible!
The sky beast is severely wounded.
The sky beast hits you.
* * * LOW HITPOINT WARNING * * *
The sky beast shocks you.
You die...

.. ##..........#
#.##...........#
.#/.............#
................#
.......###.####.###
........##.#......#
.......(..........##
......#............#
.....#!......sY...##
###..........#....#
#.....P..#.#....#
....P.P...#......#
....#P...........##
._..##..P.##......##
.. #.....###.###..##
.
.......##.$.....###.#
. #...........#...


You could see a sky beast.

Vanquished Creatures
  A crimson imp (D:5)
  2 hounds
  A centaur skeleton (D:5)
  An iguana (D:3)
  2 worker ants (D:4)
  4 adders
  An ooze (D:5)
  A worm (D:3)
  A dart slug (D:3)
  4 leopard geckos
  A ball python (D:5)
  4 giant cockroaches
  8 goblins
  13 hobgoblins
  8 jackals
  8 kobolds
  A quokka (D:3)
  4 bats
  5 frilled lizards
  9 rats
79 creatures vanquished.

Notes
Turn   | Place    | Note
-------+----------+-------------------------------------------
     0 | D:1      | TheGoonsmith the Octopode Transmuter began the quest for the Orb.
     0 | D:1      | Reached XP level 1. HP: 13/13 MP: 3/3
   378 | D:1      | Reached XP level 2. HP: 18/18 MP: 3/5
   883 | D:2      | Found a white marble altar of Elyvilon.
   888 | D:2      | Found an iron altar of Okawaru.
   897 | D:2      | Reached skill level 4 in Unarmed Combat
  1029 | D:2      | Reached XP level 3. HP: 20/23 MP: 4/6
  2096 | D:3      | Learned a level 2 spell: Sticks to Snakes
  2100 | D:3      | Learned a level 3 spell: Spider Form
  2215 | D:3      | Reached XP level 4. HP: 28/28 MP: 5/7
  2292 | D:3      | Reached skill level 5 in Unarmed Combat
  2982 | D:3      | Reached XP level 5. HP: 33/33 MP: 6/8
  3226 | D:4      | Found Iqiemext's Distillery.
  3238 | D:4      | Found Lixinoysch's General Store.
  3429 | D:4      | Noticed Ultraviolent4's ghost (amateur FoFi)
  3495 | D:4      | Found Paumpyix's Magic Scroll Emporium.
  3585 | D:4      | Bought a scroll of identify for 24 gold pieces
  3621 | D:4      | Reached skill level 1 in Poison Magic
  3674 | D:5      | Entered Level 5 of the Dungeon
  3716 | D:5      | Reached XP level 6. HP: 34/39 MP: 5/9
  3766 | D:5      | Found an ancient bone altar of Kikubaaqudgha.
  3940 | D:5      | Noticed a sky beast
  3951 | D:5      | Slain by a sky beast

Vault maps used:
D:1:      wheals_arrival_shading
D:2:      overflow_temple_1_default, okawaru_trees_2
D:3:      kennysheep_minor_cross, serial_park_tiny_2
D:4:      grunt_dithmenos_smoke_and_mirrors, serial_shops, nicolae_shop_trees,
          shop_statue, nicolae_shop_stone, nicolae_shop_waterfront,
          nicolae_shop_crystal
D:5:      kiku_gazebo_garden_becter, gammafunk_temple_overflow_pools,
          serial_shops, nicolae_shop_trees, first_bread

Skill      XL: |  1  2  3  4  5  6 |
---------------+-------------------+-----
Unarmed Combat | 4 5 |  5.0
Transmutations | 3 4 |  4.0
Poison Magic   | 2 |  2.0
Fighting       | 2 |  2.8
Dodging        | |  2.0
Spellcasting   | |  2.0

Action                   |  1- 3 |  4- 6 || total
-------------------------+-------+-------++-------
Melee: Unarmed           |    83 |   121 ||   204
       Constrict         |    21 |    21 ||    42
       Kick              |    11 |     3 ||    14
       Tentacles         |     8 |    11 ||    19
       Punch             |     3 |     2 ||     5
 Cast: Beastly Appendage |     7 |     5 ||    12
       Spider Form       |       |     5 ||     5
  Use: Potion            |     1 |       ||     1
       Scroll            |       |    10 ||    10
 Stab: Sleeping          |     4 |     7 ||    11
       Distracted        |       |     1 ||     1
  Eat: Chunk             |     4 |     6 ||    10
Armor: Skin              |     8 |     7 ||    15
Dodge: Dodged            |    35 |    80 ||   115
